 Dungeon Crawl Stone Soup version 0.20.2-3-g29329e0561 (webtiles) character file.

112 Alfie the Skirmisher (level 4, -3/41 HPs)
             Began as a Hill Orc Fighter on Oct 5, 2022.
             Slain by a wyvern zombie (12 damage)
             ... on level 3 of the Dungeon.
             The game lasted 00:05:33 (1429 turns).

Alfie the Skirmisher (Hill Orc Fighter)             Turns: 1429, Time: 00:05:33

Health: -3/41      AC:  9    Str: 19    XL:     4   Next: 95%
Magic:  4/4        EV:  7    Int:  8    God:
Gold:   84         SH:  9    Dex: 10    Spells: 3/3 levels left

rFire    . . .     SeeInvis .   a - +0 rapier
rCold    . . .     Gourm    .   c - +0 shield
rNeg     . . .     Faith    .   b - +0 scale mail
rPois    .         Spirit   .   e - +1 helmet
rElec    .         Reflect  .   (no cloak)
rCorr    .         Harm     .   (no gloves)
MR       +....                  (no boots)
Stlth    ..........             (no amulet)
Regen    0.2/turn               k - ring of protection from magic
MPRegen  0.1/turn               (no ring)

@: no status effects
A: no striking features
a: no special abilities


You were on level 3 of the Dungeon.
You were not hungry.

You visited 1 branch of the dungeon, and saw 3 of its levels.

You collected 84 gold pieces.

Inventory:

Hand Weapons
 a - a +0 rapier (weapon)
Missiles
 p - a tomahawk (quivered)
Armour
 b - a +0 scale mail (worn)
 c - a +0 shield (worn)
 e - a +1 helmet (worn)
Jewellery
 k - a ring of protection from magic (left hand)
Wands
 q - a wand of lightning (4/15)
Scrolls
 h - 2 scrolls of identify
 i - a scroll of remove curse
 j - a scroll of recharging {unknown}
 m - a scroll of teleportation {unknown}
Potions
 d - 3 potions of might
 g - a potion of degeneration {unknown}
 l - 2 potions of curing
 o - a potion of heal wounds
Comestibles
 f - a bread ration
 n - 3 meat rations


   Skills:
 + Level 4.5 Fighting
 + Level 3.0 Short Blades
 + Level 4.1 Armour
 + Level 0.7 Dodging
 + Level 3.8 Shields


You had 3 spell levels left.
You didn't know any spells.

Dungeon Overview and Level Annotations

Branches:
Dungeon (3/15)

Altars:


Message History

The wyvern zombie is moderately damaged.
The wyvern zombie bites you but does no damage.
You hit the wyvern zombie.
The wyvern zombie is moderately damaged.
The wyvern zombie barely misses you. The wyvern zombie bites you.
You barely miss the wyvern zombie.
The wyvern zombie is moderately damaged.
The wyvern zombie bites you.
You completely miss the wyvern zombie.
The wyvern zombie is moderately damaged.
The wyvern zombie bites you!
* * * LOW HITPOINT WARNING * * *
You block the wyvern zombie's attack.
You hit the wyvern zombie.
The wyvern zombie is moderately damaged.
The wyvern zombie barely misses you.
You puncture the wyvern zombie!
The wyvern zombie is heavily damaged.
You block the wyvern zombie's attack. The wyvern zombie bites you!
You die...

#..##..<#.#.#.# ..
#.....#.....#.######..
####.#..............##..
#.........#.............
..####................(.
. #.............†(...
###.....#............
#......)#............
#.#.@Z.().#..........
#.....#.##(..........†
'....##.#.##..#......##†
#.##. #.#.###.#..##...#.
## . #.#.###.#...#...#.
.. #.#.#.....#....... ##
#...#.#.#######...
#..##.#.#.......#.
#..##.#...########


You could see a wyvern zombie.

Vanquished Creatures
  Jessica (D:2)
  A gnoll (D:1)
  2 adders
  2 worms (D:3)
  An orc (D:3)
  2 ball pythons
  3 giant cockroaches
  11 goblins
  5 hobgoblins
  5 kobolds
  2 quokkas (D:3)
  7 bats
  3 frilled lizards
  4 rats
49 creatures vanquished.

Notes
Turn   | Place    | Note
-------+----------+-------------------------------------------
     0 | D:1      | Alfie the Hill Orc Fighter began the quest for the Orb.
     0 | D:1      | Reached XP level 1. HP: 19/19 MP: 1/1
    93 | D:1      | Reached XP level 2. HP: 27/27 MP: 2/2
   309 | D:1      | Reached XP level 3. HP: 26/33 MP: 3/3
   630 | D:2      | Noticed Jessica
   636 | D:2      | Killed Jessica
   636 | D:2      | Reached XP level 4. HP: 41/41 MP: 4/4
  1374 | D:3      | HP: 2/41 [orc/war axe (5)]
  1429 | D:3      | Slain by a wyvern zombie

Skill      XL: |  1  2  3  4 |
---------------+-------------+-----
Fighting       | 4 |  4.5
Armour         | 4 |  4.1
Short Blades   | 3 |  3.0
Dodging        | |  0.7
Shields        | |  3.8

Action                   |  1- 3 |  4- 6 || total
-------------------------+-------+-------++-------
Melee: Rapier            |    77 |   113 ||   190
Throw: Tomahawk          |       |     3 ||     3
  Use: Scroll            |       |     5 ||     5
       Potion            |       |     4 ||     4
  Eat: Royal jelly       |       |     1 ||     1
       Fruit             |       |     1 ||     1
Armor: Scale mail        |    31 |    51 ||    82
Dodge: Dodged            |    27 |    30 ||    57
Block: Shield            |    42 |    58 ||   100
